 Dungeon Crawl Stone Soup version 0.31-a0-986-g5e6e4ef867 (webtiles) character file.

Game seed: 9768184746352569038

198 sammy202020 the Ruffian (level 5, 0/39 HPs)
             Began as a Demonspawn Shapeshifter on Nov 17, 2023.
             Slain by a gnoll
             ... wielding a +0 spear
             ... led by a gnoll bouda
              (6 damage)
             ... on level 5 of the Dungeon.
             The game lasted 00:03:14 (2198 turns).

sammy202020 the Ruffian (Demonspawn Shapeshifter)   Turns: 2198, Time: 00:03:15

Health: 0/39       AC:  9    Str: 16    XL:     5   Next: 47%
Magic:  5/5        EV:  9    Int: 12    God:
Gold:   87         SH:  0    Dex: 12    Spells: 4/4 levels left

rFire   . .          .
                       - Unarmed
rCold   . . .        (no shield)
rNeg    . . .        k - +1 chain mail
rPois   .            (helmet currently unavailable)
rElec   .            (cloak currently unavailable)
rCorr   .            (gloves currently unavailable)
SInv    .            (boots currently unavailable)
Will    .....        (no amulet) Stlth
                     (no ring)
HPRegen 0.26/turn    (no ring)
MPRegen 0.09/turn

%: no passive effects
@: about to teleport, beast-form
A: beast (slay +2), claws 1, sturdy frame 1
a: Begin Untransformation


You were on level 5 of the Dungeon.
You were a hulking beast.
You visited 1 branch of the dungeon, and saw 4 of its levels.

You collected 87 gold pieces.

Inventory:

Missiles
 j - 2 throwing nets
Armour
 a - a +0 animal skin
 k - a +1 chain mail (worn)
Talismans
 c - a beast talisman
 d - a flux talisman
Scrolls
 g - a scroll of butterflies
 h - a scroll of amnesia {unknown}
 i - a scroll of fear
 l - a scroll of silence {unknown}
Potions
 b - a potion of lignification
 e - 2 potions of cancellation


   Skills:
 * Level 2.7 Fighting
 + Level 1.3 Armour
 + Level 2.3 Dodging
 * Level 3.7 Unarmed Combat
 * Level 3.5 Shapeshifting


You had 4 spell levels left.
You didn't know any spells.
Your spell library contained the following spells:

 Spells                   Type           Power      Damage    Failure   Level
 Summon Small Mammal      Summ           0%         N/A       91%         1
 Call Canine Familiar     Summ           0%         N/A       100%        3
 Sigil of Binding         Hex            0%         N/A       100%        3
 Summon Guardian Golem    Hex/Summ       0%         N/A       100%        3
 Dimensional Bullseye     Hex/Tloc       0%         N/A       100%        4
 Leda's Liquefaction      Hex/Erth       0%         N/A       100%        4


Dungeon Overview and Level Annotations

Branches:
Dungeon (3/15)

Altars:

Shops:
D:2 !:**[


Innate Abilities, Weirdness & Mutations

You are a hulking beast.
Your limbs bulge with bestial killing power. (Slay +2)
You have sharp fingernails.
Your movements are slightly less encumbered by armour. (ER -2)


Message History

You are too injured to fight recklessly!
You are too injured to fight recklessly!
You are too injured to fight recklessly!
You are too injured to fight recklessly!
You are too injured to fight recklessly!
You are too injured to fight recklessly!
You are too injured to fight recklessly!
You are too injured to fight recklessly!
You are too injured to fight recklessly!
You are too injured to fight recklessly!
You are too injured to fight recklessly!
You are too injured to fight recklessly!
You are too injured to fight recklessly!
You are too injured to fight recklessly!
You are too injured to fight recklessly!
You are too injured to fight recklessly!
You are too injured to fight recklessly!
You are too injured to fight recklessly!
You are too injured to fight recklessly!
The gnoll bouda barely misses you. The gnoll attacks as it pursues you!
The gnoll barely misses you.
The gnoll bouda utters an invocation to its god.
The gnoll bouda is healed somewhat.
Okay, then.
Okay, then.
You scratch the gnoll bouda.
The gnoll bouda is moderately wounded.
The gnoll closely misses you.
The gnoll bouda hits you with a +0 whip.
You scratch the gnoll bouda.
The gnoll bouda is heavily wounded.
The gnoll completely misses you.
The gnoll hits you from afar with a +0 spear!
* * * LOW HITPOINT WARNING * * *
The gnoll bouda hits you with a +0 whip.
* * * LOW HITPOINT WARNING * * *
As you read the scroll of teleportation, it crumbles to dust.
You feel strangely unstable. The gnoll hits you but does no damage.
The gnoll hits you from afar with a +0 spear.
You die...

### ########## #
.#...#......... ..
...(.....g##### #...
............#h# ...#
..........#.#g#....#.
........#.#.ggg......
###...###.#.........#
..... ..#.###.###.#
###.. ..... .# ##
.###.# .# . ..# # ###


You could see a gnoll bouda and 3 gnolls.

Vanquished Creatures
  A sleepcap (D:3)
  Natasha (thrice) (D:3)
  4 adders
  A dart slug (D:1)
  6 orcs
  2 ball pythons (D:2)
  6 bats
  6 endoplasms
  3 giant cockroaches
  5 goblins
  4 hobgoblins
  2 frilled lizards
  8 kobolds
  4 rats
55 creatures vanquished.

Notes
Turn   | Place    | Note
-------+----------+-------------------------------------------
     0 | D:1      | sammy202020 the Demonspawn Shapeshifter began the quest for
                  | the Orb.
     0 | D:1      | Reached XP level 1. HP: 15/15 MP: 1/1
   174 | D:1      | Gained mutation: Your movements are slightly less
                  | encumbered by armour. (ER -2) [demonic ancestry]
   174 | D:1      | Reached XP level 2. HP: 18/21 MP: 2/2
   814 | D:2      | Found Ycly's Distillery.
   822 | D:2      | Reached XP level 3. HP: 27/27 MP: 3/3
   867 | D:2      | Found Hoetra Geolo's Assorted Antiques.
   967 | D:2      | Found a faded altar of an unknown god.
  1125 | D:2      | Found Cufevus's General Store.
  1174 | D:2      | Found Yxtoeced's Antique Armour Shoppe.
  1325 | D:2      | Found Soscha Call's Book Boutique.
  1831 | D:3      | Noticed Natasha
  1841 | D:3      | Killed Natasha
  1841 | D:3      | Noticed Natasha
  1842 | D:3      | Gained mutation: You have sharp fingernails. [demonic
                  | ancestry]
  1842 | D:3      | Reached XP level 4. HP: 21/33 MP: 4/4
  1847 | D:3      | Killed Natasha
  1848 | D:3      | Reached skill level 1 in Armour
  2047 | D:3      | Reached XP level 5. HP: 39/39 MP: 5/5
  2119 | D:3      | Noticed Natasha
  2129 | D:3      | Killed Natasha
  2184 | D:3      | You fall into a shaft and drop 2 floors!
  2184 | D:5      | Entered Level 5 of the Dungeon
  2198 | D:5      | Slain by a gnoll

Illustrated notes

Levels and vault maps discovered:
D:1:      dpeg_arrival_subterranean_lakeside_camping, layout_basic
D:2:      layout_basic, ebering_ecumenical_altar_rust, serial_shops,
          nicolae_shop_just_a_little_nook, shop, shop,
          nicolae_shop_rolling_square, nicolae_shop_crystal
D:3:      layout_basic, minmay_misc_feat_four_crosses, uniq_natasha
D:5:      layout_basic, grunt_temple_overflow_diamond

Skill      XL: |  1  2  3  4 |
---------------+-------------+-----
Unarmed Combat | 3 |  3.7
Dodging        | 2 |  2.3
Shapeshifting  | 3 |  3.5
Fighting       | 2 |  2.7
Armour         | 1 |  1.3

Action                     |  1- 3 |  4- 6 || total
---------------------------+-------+-------++-------
  Melee: Unarmed           |   113 |    47 ||   160
         Punch             |       |     3 ||     3
    Use: Scroll            |     8 |     1 ||     9
         Potion            |     4 |       ||     4
 Armour: Leather armour    |    17 |       ||    17
         Animal skin       |     4 |       ||     4
         Chain mail        |    42 |    46 ||    88
  Dodge: Dodged            |    52 |    22 ||    74

Table legend: (Time is in decaauts)
 A = Elapsed time spent in this place.
 B = Non-inter-level travel time spent in this place.
 C = Inter-level travel time spent in this place.
 D = Time resting spent in this place.
 E = Time spent auto-exploring this place.
 F = Levels seen in this place.
 G = Mean time per level.
                   A        B        C        D        E       F      G
               +--------+--------+--------+--------+--------+-----+--------+
         Total |   2190 |   2190 |      0 |      0 |   1784 |   4 |  547.5 |
       Dungeon |   2190 |   2190 |      0 |      0 |   1784 |   4 |  547.5 |
               +--------+--------+--------+--------+--------+-----+--------+

Top non-repeatable levels by time:
     D:2: 984 daAuts
     D:1: 811 daAuts
     D:3: 380 daAuts
     D:5: 13 daAuts
